 Dungeon Crawl Stone Soup version 0.26.1-11-gd32895ea62 (webtiles) character file.

Game seed: 18352037917641954892

18 ZappyNine the Stinger (level 2, 0/16 HPs)
             Began as a Kobold Venom Mage on July 3, 2021.
             Slain by a hobgoblin
             ... wielding a +0 club
              (3 damage)
             ... on level 1 of the Dungeon.
             The game lasted 00:00:57 (902 turns).

ZappyNine the Stinger (Kobold Venom Mage)            Turns: 902, Time: 00:00:58

Health: 0/16       AC:  2    Str:  5    XL:     2   Next: 85%
Magic:  0/5        EV: 15    Int: 16    God:
Gold:   6          SH:  0    Dex: 15    Spells: 5/6 levels left

rFire    . . .     SeeInvis .   c - +0 club
rCold    . . .     Faith    .   (shield restricted)
rNeg     . . .     Spirit   .   a - +0 robe
rPois    .         Reflect  .   (no helmet)
rElec    .         Harm     .   (no cloak)
rCorr    .         Rampage  .   (no gloves)
Will     .....                  (no boots)
Stlth    +++.......             (no amulet)
HPRegen  0.05/turn              (no ring)
MPRegen  0.09/turn              (no ring)

@: very slightly contaminated
A: small, nightstalker 3
a: no special abilities


You were on level 1 of the Dungeon.
You visited 1 branch of the dungeon, and saw 1 of its levels.

You collected 6 gold pieces.

Inventory:

Hand Weapons
 c - a +0 club (weapon)
Armour
 a - a +0 robe (worn)
Scrolls
 b - 3 scrolls of enchant armour {unknown}
Potions
 d - 2 potions of attraction {unknown}


   Skills:
 + Level 1.2 Fighting
 - Level 2.4 Dodging
 - Level 2.6 Stealth
 + Level 2.6 Spellcasting
 - Level 1.0 Transmutations
 + Level 3.3 Poison Magic


You had 5 spell levels left.
You knew the following spells:

 Your Spells              Type           Power        Failure   Level
a - Sting                 Tmut/Pois      36%          9%          1

Your spell library contained the following spells:

 Spells                   Type           Power        Failure   Level
 Poisonous Vapours        Pois/Air       14%          16%         2
 Ignite Poison            Fire/Tmut/Pois 6%           32%         3
 Mephitic Cloud           Conj/Pois/Air  5%           36%         3
 Olgreb's Toxic Radiance  Pois           12%          45%         4


Dungeon Overview and Level Annotations

Branches:
Dungeon (1/15)

Altars:


Innate Abilities, Weirdness & Mutations

You are small and have problems with some larger weapons.
You are completely attuned to the shadows.


Message History

Aim: a hobgoblin, wielding a +0 club (32% to evade)
The sting hits the hobgoblin but does no damage.
The hobgoblin is poisoned.
The hobgoblin barely misses you.
Unknown command.
Casting: Sting (safe; 9% risk of failure)
Confirm with . or Enter, or press ? or * to list all spells.
Aiming: Sting (safe; 9% risk of failure)
Press: ? - help, Shift-Dir - straight line, f/p - hobgoblin
Aim: a hobgoblin, wielding a +0 club (poisoned, 32% to evade)
The sting hits the hobgoblin.
The hobgoblin looks even sicker.
The hobgoblin is moderately wounded.
The hobgoblin hits you with a +0 club.
* * * LOW HITPOINT WARNING * * *
You hit the hobgoblin but do no damage.
The hobgoblin is moderately wounded.
The hobgoblin closely misses you.
You barely miss the hobgoblin.
The hobgoblin is moderately wounded.
The hobgoblin hits you with a +0 club.
You die...

#..# ### ########
#..# #.. .......####
#..# #.#
#.........####..###..
...g......##....##...
....@.....##.#.#.....
.#####'### #.#.+.....
#######.# #.###.....
#.).....# #.# ######
#.####### #.# #.# #.#
#.# #.# #.# #.# #.#
#.#


You could see a hobgoblin (very poisoned).

Vanquished Creatures
  A gnoll (D:1)
  A giant cockroach (D:1)
  2 goblins (D:1)
  A hobgoblin (D:1)
  2 kobolds (D:1)
7 creatures vanquished.

Vanquished Creatures (others)
  A draconian (D:1)
  2 octopodes (D:1)
  A gargoyle (D:1)
  3 trolls (D:1)
  A formicid (D:1)
  A vampire (D:1)
  2 humans (D:1)
  An ogre (D:1)
  A centaur (D:1)
  2 kobolds (D:1)
  19 tentacles (D:1)
34 creatures vanquished.

Grand Total: 41 creatures vanquished

Notes
Turn   | Place    | Note
-------+----------+-------------------------------------------
     0 | D:1      | ZappyNine the Kobold Venom Mage began the quest for the
                  | Orb.
     0 | D:1      | Reached XP level 1. HP: 10/10 MP: 3/3
     2 | D:1      | Noticed a vampire
     2 | D:1      | Noticed a draconian
     2 | D:1      | Noticed a troll
     2 | D:1      | Noticed a troll
     2 | D:1      | Noticed a centaur
     2 | D:1      | Noticed a troll
     2 | D:1      | Noticed a human
     3 | D:1      | Noticed an octopode
     3 | D:1      | Noticed a kraken
     3 | D:1      | Noticed a formicid
     3 | D:1      | Noticed an octopode
     5 | D:1      | Killed a troll
     6 | D:1      | Killed a gargoyle
     9 | D:1      | Killed an ogre
    14 | D:1      | Killed a draconian
    15 | D:1      | Killed a human
    18 | D:1      | Killed a troll
    19 | D:1      | Killed a vampire
    24 | D:1      | Killed a troll
    27 | D:1      | Killed a centaur
    28 | D:1      | Killed an octopode
    32 | D:1      | Killed an octopode
    33 | D:1      | Killed a human
    38 | D:1      | Killed a formicid
   377 | D:1      | Reached XP level 2. HP: 9/16 MP: 3/5
   541 | D:1      | Reached skill level 1 in Fighting
   902 | D:1      | Slain by a hobgoblin

Illustrated notes

Levels and vault maps discovered:
D:1:      nicolae_arrival_kraken_aquarium_b, layout_basic, minmay_misc_feat_rows

Skill      XL: |  1  2 |
---------------+-------+-----
Fighting       | 1 |  1.2
Dodging        | |  2.4
Stealth        | |  2.6
Spellcasting   | |  2.6
Transmutations | |  1.0
Poison Magic   | |  3.3

Action                   || total
-------------------------++-------
Melee: Club              ||    21
       Unarmed           ||     3
 Cast: Sting             ||    15
 Stab: Sleeping          ||     2
Armor: Robe              ||     8
Dodge: Dodged            ||    22
